 Dungeon Crawl Stone Soup version 0.17-a0-124-gc3c9679 (webtiles) character file.

13843 HAL9000 the Bludgeoner (level 12, 0/124 HPs)
             Began as an Ogre Hunter on Mar 22, 2015.
             Was a High Priest of Okawaru.
             Slain by a minotaur (22 damage)
             ... in a labyrinth.
             The game lasted 00:45:33 (15330 turns).

HAL9000 the Bludgeoner (Ogre Hunter)               Turns: 15330, Time: 00:45:33

Health: 0/124      AC:  7    Str: 20      XL:     12   Next: 10%
Magic:  18/18      EV: 13    Int: 13      God:    Okawaru [*****.]
Gold:   767        SH:  0    Dex: 13 (14) Spells: 0 memorised, 11 levels left

rFire  + . .     SeeInvis .     H - +2 giant spiked club (vamp)
rCold  . . .     Clarity  .     R - +2 robe {MR+}
rNeg   . . .     SustAb   .     (shield restricted)
rPois  .         Gourm    +     (helmet restricted)
rElec  .         Spirit   .     v - +1 cloak {+Inv}
rCorr  .         Warding  .     (gloves unavailable)
rMut   .         Stasis   .     (boots unavailable)
MR     ++...                    k - amulet of the gourmand
Stlth  +.........               Q - ring of Dori {rF+ Int+3} (curse)
                                Y - ring of wizardry

@: very resistant to hostile enchantments, very unstealthy
A: unfitting armour, tough skin 1
a: Heroism, Finesse, Renounce Religion, Evoke Invisibility


You were in a labyrinth.
You worshipped Okawaru.
Okawaru was extremely pleased with you.
You were full.

You visited 3 branches of the dungeon, and saw 14 of its levels.
You also visited: Labyrinth.

You collected 780 gold pieces.
You spent 13 gold pieces at shops.

Inventory:

Hand weapons
 d - the +11 dagger of Wrongful Imprisonment {pierce, rElec rC- Str+4 Dex+7, unknown}
   (You found it on level 2 of the Lair of Beasts)

   It inflicts extra damage upon your enemies.
   It affects your strength (+4).
   It affects your dexterity (+7).
   It makes you vulnerable to cold.
   It insulates you from electricity.
 H - a +2 vampiric giant spiked club (weapon)
Missiles
 b - 2 large rocks (quivered)
 z - 5 javelins
 C - 14 tomahawks
Armour
 v - a +1 cloak of invisibility (worn)
 R - a +2 robe of magic resistance (worn)
Jewellery
 k - an amulet of the gourmand (around neck)
 E - an uncursed ring of fire
 Q - the cursed ring of Dori (right hand) {rF+ Int+3}
   (You took it off a centaur on level 6 of the Dungeon)

   [ring of intelligence]

   It affects your intelligence (+3).
   It protects you from fire.
   It has a curse placed upon it.
 T - the ring of Aqugit {rElec Str+4 Dex+5 Slay-5}
   (You found it on level 8 of the Dungeon)

   [ring of dexterity]

   It affects your strength (+4).
   It affects your dexterity (+5).
   It affects your accuracy and damage with ranged weapons and melee attacks
   (-5).
   It insulates you from electricity.
 Y - a ring of wizardry (left hand)
Magical devices
 e - a wand of magic darts (28)
 g - a wand of fireball (4)
 h - a wand of enslavement (6)
 x - a wand of confusion (19)
 y - a wand of heal wounds (2)
 A - a wand of random effects (25)
 D - a wand of draining (3)
 L - a wand of cold (0)
 M - a wand of heal wounds (7)
 P - a wand of disintegration (8)
 W - a wand of fireball (3)
Scrolls
 o - a scroll of teleportation
 s - a scroll of amnesia
 I - 6 scrolls of remove curse
 J - a scroll of recharging
Potions
 i - a potion of resistance {unknown}
 j - 5 potions of haste
 l - a potion of cancellation {unknown}
 q - 3 potions of restore abilities
 t - a potion of heal wounds
 u - 2 potions of flight
 F - a potion of cure mutation
 K - a potion of berserk rage
 N - 2 potions of agility
 O - 3 potions of might
 S - 3 potions of curing
 U - 2 potions of magic
 X - a potion of lignification
Books
 m - a book of Alchemy

   Spells                             Type                      Level
   a - Sublimation of Blood           Necromancy                   2
   b - Alistair's Intoxication        Transmutation/Poison         4
   c - Condensation Shield            Ice                          4
   d - Petrify                        Transmutation/Earth          4
   e - Ignite Poison                  Fire/Transmutation           5
   f - Irradiate                      Conjuration/Transmutation    5
 n - a book of Conjurations

   Spells                             Type                      Level
   a - Magic Dart                     Conjuration                  1
   b - Searing Ray                    Conjuration                  2
   c - Dazzling Spray                 Conjuration/Hexes            3
   d - Fulminant Prism                Conjuration/Hexes            4
   e - Iskenderun's Mystic Blast      Conjuration                  4
   f - Iskenderun's Battlesphere      Conjuration/Charms           5
 r - a book of Unlife

   Spells                             Type                      Level
   a - Recall                         Summoning/Translocation      3
   b - Animate Dead                   Necromancy                   4
   c - Control Undead                 Necromancy                   4
   d - Cigotuvi's Embrace             Necromancy                   5
   e - Death Channel                  Necromancy                   6
   f - Simulacrum                     Ice/Necromancy               6
 B - a book of Ice

   Spells                             Type                      Level
   a - Ice Form                       Ice/Transmutation            4
   b - Metabolic Englaciation         Hexes/Ice                    5
   c - Ozocubu's Refrigeration        Ice                          6
   d - Bolt of Cold                   Conjuration/Ice              6
   e - Freezing Cloud                 Conjuration/Ice/Air          6
   f - Simulacrum                     Ice/Necromancy               6
Comestibles
 f - 6 meat rations
 p - 10 bread rations
 w - a royal jelly
 G - 2 fruits
 V - 7 slices of pizza
 Z - 2 beef jerkies


   Skills:
 - Level 9.6 Fighting
 + Level 17.5 Maces & Flails
 - Level 8.2 Throwing
 - Level 6.6 Dodging
 - Level 0.7 Stealth
 + Level 3.0 Invocations
 + Level 2.2 Evocations


You had 11 spell levels left.
You didn't know any spells.

Dungeon Overview and Level Annotations

Branches:
Dungeon (11/15)            Temple (1/1) D:6            Lair (2/8) D:11
    Orc (0/4) D:10

Altars:
Ashenzari
Cheibriados
Dithmenos
Elyvilon
Fedhas
Gozag
Kikubaaqudgha
Makhleb
Nemelex Xobeh
Okawaru
Qazlal
Ru
Sif Muna
Trog
Vehumet
Xom
Yredelemnul
Zin
The Shining One

Shops:
D:6 [   D:8 [


Innate Abilities, Weirdness & Mutations

You are too large for most types of armour.
You have tough skin (AC +1).


Message History

Really unwield
H - a +2 vampiric giant spiked club?
Unknown command.
Unknown command.
No exploration algorithm can help you here.
You hear the creaking of ancient gears!
You feel a sudden draft!
The floor suddenly vibrates beneath you!
The floor suddenly vibrates beneath you!
You feel a sudden draft!
The floor suddenly vibrates beneath you!
You hear an odd grinding sound!
A minotaur comes into view.
The minotaur bellows!
The minotaur evokes its amulet.
The minotaur goes berserk!
You puncture the minotaur!
The minotaur is lightly wounded.
The minotaur hits you!!! The minotaur gores you!! The minotaur hits you!!!
* * * LOW HITPOINT WARNING * * *
The minotaur gores you!!
You die...

# ##.###.
▓.......# #
# ....
▓.#.###. #
### . #.# .#
. .# #.# # #
# #.# .
▓##.# #
.▓▓▓...# ##
.#...#.# ..
.
#####.#####
#. ####
#.....@H..#
.#########.#
# # # #


You could see a minotaur (berserk).

Vanquished Creatures
  Nergalle (Lair:1)
  Pikel (D:6)
  2 hill giants
  A cyclops (D:11)
  Joseph (D:9)
  4 spiny frogs
  The ghost of Conn321 the Geomancer, an experienced GrEE (D:5)
  3 komodo dragons
  A troll (D:9)
  2 two-headed ogres
  A trapdoor spider (D:11)
  5 blink frogs (Lair:1)
  7 yaks
  The ghost of HAL9000 the Cudgeler, an average OgHu (D:4)
  A human (D:7)
  3 wolves (Lair:2)
  A hungry ghost (D:7)
  Menkaure (D:6)
  3 hippogriffs
  2 porcupines (Lair:1)
  2 sky beasts
  6 orc warriors
  3 water moccasins
  3 killer bees
  4 ogres
  A slave (D:5)
  A phantom (D:7)
  A necrophage (D:9)
  A big kobold (D:10)
  Sigmund (D:6)
  5 centaurs
  A wyvern skeleton (D:10)
  5 giant frogs
  6 scorpions
  A centaur zombie (D:5)
  A jelly (D:5)
  7 crimson imps
  A giant frog zombie (D:9)
  A goliath beetle (D:6)
  A quasit (D:11)
  7 hounds
  6 orc priests
  A centaur skeleton (D:5)
  2 giant frog skeletons
  8 orc wizards
  4 iguanas
  4 worker ants
  7 sheep
  Ijyb (D:6)
  Jessica (D:3)
  3 mummies
  A hound skeleton (D:8)
  15 river rats
  A shadow imp (D:5)
  11 adders
  2 worms (D:2)
  An adder zombie (D:6)
  An adder skeleton (D:6)
  3 giant geckos
  An ooze (D:1)
  50 orcs
  2 ball pythons
  8 giant cockroaches
  19 goblins
  22 hobgoblins
  15 kobolds
  10 quokkas
  8 bats
  4 giant newts
  A hobgoblin zombie (D:6)
  7 jackals
  A kobold zombie (D:6)
  2 orc zombies (D:6)
  A quokka zombie (D:6)
  18 rats
  3 ballistomycetes
345 creatures vanquished.

Vanquished Creatures (others)
  A black bear (D:6)
  2 slaves (D:6)
  A hound (D:10)
  2 giant spores
  2 plants (D:11)
8 creatures vanquished.

Grand Total: 353 creatures vanquished

Notes
Turn   | Place    | Note
--------------------------------------------------------------
     0 | D:1      | HAL9000, the Ogre Hunter, began the quest for the Orb.
     0 | D:1      | Reached XP level 1. HP: 22/22 MP: 1/1
   282 | D:1      | Reached XP level 2. HP: 31/31 MP: 2/2
   527 | D:1      | Reached skill level 1 in Maces & Flails
  1299 | D:1      | Reached XP level 3. HP: 35/37 MP: 3/3
  2419 | D:2      | Reached XP level 4. HP: 45/45 MP: 4/4
  2653 | D:2      | Found a deep blue altar of Sif Muna.
  3285 | D:3      | Found a radiant altar of Vehumet.
  3286 | D:3      | Found a burning altar of Makhleb.
  3291 | D:3      | Reached skill level 5 in Maces & Flails
  3291 | D:3      | Reached XP level 5. HP: 40/53 MP: 5/5
  3800 | D:3      | Noticed Jessica
  3802 | D:3      | Killed Jessica
  3960 | D:3      | Noticed a giant frog
  3965 | D:3      | Killed a giant frog
  3965 | D:3      | Reached skill level 6 in Maces & Flails
  4067 | D:4      | Reached XP level 6. HP: 46/61 MP: 6/6
  4075 | D:4      | Noticed HAL9000's ghost (average OgHu)
  4079 | D:4      | Killed HAL9000's ghost
  4079 | D:4      | Reached skill level 7 in Maces & Flails
  4267 | D:4      | Reached XP level 7. HP: 62/67 MP: 7/7
  4505 | D:4      | Noticed an ogre
  4511 | D:4      | Killed an ogre
  4823 | D:4      | Reached skill level 8 in Maces & Flails
  5058 | D:4      | Found a sacrificial altar of Ru.
  5059 | D:4      | Found a white marble altar of Elyvilon.
  5059 | D:4      | Found an opulent altar of Gozag.
  5188 | D:4      | Found an ancient bone altar of Kikubaaqudgha.
  5189 | D:4      | Found a blossoming altar of Fedhas.
  5276 | D:5      | Entered Level 5 of the Dungeon
  5577 | D:5      | Found a bloodstained altar of Trog.
  5596 | D:5      | Reached skill level 5 in Fighting
  5860 | D:5      | Reached XP level 8. HP: 81/81 MP: 8/8
  5890 | D:5      | Reached skill level 9 in Maces & Flails
  5930 | D:5      | Noticed Conn321's ghost (experienced GrEE)
  5944 | D:5      | Killed Conn321's ghost
  5944 | D:5      | Reached skill level 10 in Maces & Flails
  6277 | D:5      | Reached skill level 11 in Maces & Flails
  6913 | D:6      | Noticed Menkaure
  6916 | D:6      | Killed Menkaure
  6916 | D:6      | Reached skill level 12 in Maces & Flails
  6916 | D:6      | Reached XP level 9. HP: 85/88 MP: 9/9
  7113 | D:6      | Noticed Sigmund
  7178 | D:6      | Noticed Pikel
  7233 | D:6      | Killed Sigmund
  7293 | D:6      | Killed Pikel
  7293 | D:6      | Reached skill level 13 in Maces & Flails
  7357 | D:6      | Found a staircase to the Ecumenical Temple.
  7361 | Temple   | Entered the Ecumenical Temple
  7649 | Temple   | Became a worshipper of Warmaster Okawaru
  7696 | D:6      | Reached skill level 14 in Maces & Flails
  7707 | D:6      | Got a transparent lapis lazuli ring
  8041 | Temple   | Identified the ring of Dori {rF+ Int+3} (You took it off a centaur on level 6 of the Dungeon)
  8060 | D:6      | Found Eruapt's Antique Armour Shoppe.
  8067 | D:6      | Noticed Ijyb
  8073 | D:6      | Killed Ijyb
  8076 | D:6      | Bought a glowing robe for 13 gold pieces
  8231 | D:6      | Found a shattered altar of Ashenzari.
  8455 | D:7      | Found a sparkling altar of Nemelex Xobeh.
  8682 | D:7      | Reached skill level 15 in Maces & Flails
  8968 | D:7      | Acquired Okawaru's first power
  8968 | D:7      | Reached XP level 10. HP: 67/96 MP: 10/10
  9318 | D:8      | Found Seyplop's Antique Armour Emporium.
  9462 | D:8      | Found a snail-covered altar of Cheibriados.
  9497 | D:8      | Got a pitted golden ring
  9706 | D:8      | Reached skill level 16 in Maces & Flails
  9967 | D:9      | Noticed Joseph
 10025 | D:9      | Killed Joseph
 10025 | D:9      | Reached skill level 5 in Throwing
 10148 | D:9      | Identified the cursed ring of Aqugit {rElec Str+4 Dex+5 Slay-5} (You found it on level 8 of the Dungeon)
 10538 | D:9      | Found a shimmering altar of Xom.
 10558 | D:9      | Found a glowing golden altar of the Shining One.
 10701 | D:10     | Entered Level 10 of the Dungeon
 11020 | D:10     | Noticed a hill giant
 11046 | D:10     | Killed a hill giant
 11046 | D:10     | Reached skill level 5 in Dodging
 11077 | D:10     | Found a staircase to the Orcish Mines.
 11337 | D:10     | Reached XP level 11. HP: 86/109 MP: 11/11
 11634 | D:11     | Noticed a hill giant
 11648 | D:11     | Killed a hill giant
 12185 | D:11     | Found a staircase to the Lair.
 12318 | Lair:1   | Entered Level 1 of the Lair of Beasts
 12581 | Lair:1   | Noticed Nergalle
 12589 | Lair:1   | Killed Nergalle
 12648 | Lair:1   | Reached skill level 17 in Maces & Flails
 12737 | Lair:1   | Acquired Okawaru's second power
 13911 | Lair:2   | Reached skill level 1 in Invocations
 13920 | Lair:2   | Received a gift from Okawaru
 13920 | Lair:2   | Reached skill level 1 in Evocations
 13936 | Lair:2   | Reached XP level 12. HP: 124/124 MP: 13/15
 14261 | Lair:2   | Found a labyrinth entrance.
 14264 | Lair:2   | Got an ebony dagger
 14273 | Lab      | Entered a labyrinth
 15328 | Lab      | Noticed a minotaur
 15330 | Lab      | Slain by a minotaur

Action                   |  1- 3 |  4- 6 |  7- 9 | 10-12 || total
-------------------------+-------+-------+-------+-------++-------
Melee: Short sword       |    27 |       |       |       ||    27
       Club              |   150 |    41 |       |       ||   191
       Whip              |       |    59 |       |       ||    59
       Mace              |       |    22 |       |       ||    22
       Flail             |       |    22 |    21 |       ||    43
       Giant spiked club |       |       |   306 |   367 ||   673
Throw: Large rock        |     5 |    14 |    24 |    32 ||    75
       Throwing net      |       |       |     2 |       ||     2
       Javelin           |       |       |       |    22 ||    22
       Tomahawk          |       |       |       |     7 ||     7
Invok: Heroism           |       |       |       |     3 ||     3
Evoke: Wand              |       |       |       |     6 ||     6
  Use: Scroll            |       |       |    24 |    12 ||    36
       Potion            |       |       |     2 |       ||     2
 Stab: Sleeping          |       |     1 |       |     1 ||     2
  Eat: Chunk             |     5 |     5 |    15 |    24 ||    49
       Fruit             |       |       |       |     2 ||     2
